[Event "Titled Tuesday Blitz June 8 2021"]
[White "Holt, Conrad"]
[Black "Morefield, Jason"]
[WhiteFideId "2034387"]
[BlackFideId "30920825"]
[WhiteElo "2771"]
[BlackElo "2619"]
[Result "1-0"]
[Round "07"]
[TimeControl "180+1"]
[Date "2021.06.08"]
[WhiteClock "0:02:12"]
[BlackClock "0:02:05"]

1. d4 d5 2. c4 c6 3. Nc3 Nf6 4. e3 e6 5. Bd3 dxc4 6. Bxc4 b5 7. Bb3 Bd6 8. e4 e5 9. dxe5 Bxe5 10. Qxd8+ Kxd8 11. Bxf7 b4 12. Na4 Rf8 13. Nf3 Nbd7 14. Be6 Ba6 15. Nxe5 Nxe5 16. Nc5 Bb5 17. Bf4 Nfg4 18. O-O-O Kc7 19. Bxg4 Rxf4 20. Ne6+ 1-0


[Site "https://www.chess.com"]

[Event "Titled Tuesday Blitz June 8 2021"]
[White "Ibrahimli, Murad"]
[Black "Nevednichy, Vladislav"]
[WhiteFideId "13410229"]
[BlackFideId "1205730"]
[WhiteElo "2109"]
[BlackElo "2374"]
[Result "1-0"]
[Round "07"]
[TimeControl "180+1"]
[Date "2021.06.08"]
[WhiteClock "0:00:10"]
[BlackClock "0:00:15"]

1. d4 Nf6 2. c4 e6 3. Nf3 d5 4. Nc3 a6 5. c5 Nc6 6. Bf4 Nh5 7. Bg5 Be7 8. h4 O-O 9. g4 Nf6 10. Bxf6 Bxf6 11. g5 Be7 12. e3 e5 13. Nxe5 Nxe5 14. dxe5 c6 15. Qd4 Be6 16. O-O-O Qa5 17. Na4 b5 18. Nb6 Rab8 19. a3 Bxc5 20. Qxc5 Qxb6 21. Qxb6 Rxb6 22. b4 c5 23. bxc5 Rc8 24. Kb2 Rxc5 25. Bd3 a5 26. Rc1 Rxc1 27. Rxc1 g6 28. Rc5 b4 29. a4 b3 30. Rxa5 Rb4 31. f4 d4 32. e4 Bc4 33. Bxc4 Rxc4 34. f5 gxf5 35. exf5 d3 36. f6 h5 37. Ra8+ Kh7 38. e6 d2 39. Rd8 fxe6 40. Rxd2 Rxa4 41. Rd7+ Kg6 42. Rg7+ Kf5 43. f7 Ra8 44. Rg8 1-0


[Site "https://www.chess.com"]

[Event "Titled Tuesday Blitz June 8 2021"]
[White "Ibrayev, Nurlan"]
[Black "Kosteniuk, Alexandra"]
[WhiteFideId "13700650"]
[BlackFideId "4128125"]
[WhiteElo "2366"]
[BlackElo "2521"]
[Result "1/2-1/2"]
[Round "07"]
[TimeControl "180+1"]
[Date "2021.06.08"]
[WhiteClock "0:00:14"]
[BlackClock "0:00:18"]

1. d4 Nf6 2. c4 g6 3. Nc3 Bg7 4. e4 d6 5. Be2 O-O 6. Be3 e5 7. d5 a5 8. g4 Na6 9. g5 Nd7 10. h4 f5 11. gxf6 Bxf6 12. h5 g5 13. h6 Kh8 14. Qd2 Nac5 15. Nf3 Rg8 16. Nh2 Be7 17. Ng4 Nf6 18. Nxf6 Bxf6 19. O-O-O Bd7 20. Rdg1 a4 21. Bg4 Bxg4 22. Rxg4 Rg6 23. Rhg1 Rxh6 24. Rxg5 Bxg5 25. Bxg5 Rf6 26. f4 Qf8 27. Bxf6+ Qxf6 28. f5 Rg8 29. Rxg8+ Kxg8 30. Qg2+ Qg7 31. Qxg7+ Kxg7 32. Kd2 h5 33. Ke3 Kh6 34. Nb5 h4 35. Nxc7 h3 36. Kf3 Nxe4 37. Nb5 Nd2+ 38. Kg3 Nxc4 39. Kxh3 Kg5 40. b3 axb3 41. axb3 Ne3 42. Nxd6 b6 43. Nc4 Nxd5 44. Nxe5 Kxf5 45. Nc4 Ke4 46. Nxb6 Nxb6 47. Kg4 Kd4 48. b4 Kc4 49. Kf4 Kxb4 1/2-1/2


[Site "https://www.chess.com"]

[Event "Titled Tuesday Blitz June 8 2021"]
[White "Ivanisevic, Ivan"]
[Black "Senthil Maran K"]
[WhiteFideId "912417"]
[BlackFideId "25035681"]
[WhiteElo "2499"]
[BlackElo "2194"]
[Result "1-0"]
[Round "07"]
[TimeControl "180+1"]
[Date "2021.06.08"]
[WhiteClock "0:01:16"]
[BlackClock "0:00:02"]

1. d4 Nf6 2. c4 e6 3. Nc3 d5 4. Bg5 c6 5. e3 Nbd7 6. a3 Qa5 7. b4 Bxb4 8. axb4 Qxb4 9. Qd2 O-O 10. Nf3 dxc4 11. Rb1 Qa5 12. Bxc4 b5 13. Bd3 a6 14. O-O c5 15. dxc5 Nxc5 16. Bxf6 gxf6 17. Be4 Nxe4 18. Nxe4 Qxd2 19. Nfxd2 f5 20. Nc5 Rd8 21. Nf3 Bd7 22. Rfd1 Be8 23. Rxd8 Rxd8 24. Nxa6 Bc6 25. h3 Ra8 26. Nb4 Be4 27. Rb2 Bxf3 28. gxf3 Rb8 29. f4 Kg7 30. Kg2 Kh6 31. Nc6 Rb7 32. Nd4 b4 33. Nc2 b3 34. Nd4 Rb8 35. Rxb3 Rg8+ 36. Kh2 Re8 37. Rb7 Kg6 38. Nf3 f6 39. Nd4 e5 40. fxe5 fxe5 41. Nf3 f4 42. e4 h6 43. h4 Kh5 44. Kh3 Rg8 45. Nxe5 Rg1 46. Nf3 Rg4 47. Rb5+ 1-0


[Site "https://www.chess.com"]

[Event "Titled Tuesday Blitz June 8 2021"]
[White "Ivanov, Mike"]
[Black "Rychkov, Oleg"]
[WhiteFideId "2613158"]
[BlackFideId "4122852"]
[WhiteElo "2197"]
[BlackElo "2493"]
[Result "0-1"]
[Round "07"]
[TimeControl "180+1"]
[Date "2021.06.08"]
[WhiteClock "0:00:01"]
[BlackClock "0:00:56"]

1. e4 e5 2. Nf3 Nc6 3. Nc3 Nf6 4. Bb5 Bd6 5. d3 O-O 6. a3 Ne7 7. g4 c6 8. Ba4 Ng6 9. g5 Nh5 10. Be3 Bc7 11. d4 Nhf4 12. Rg1 exd4 13. Nxd4 d5 14. exd5 Nxd5 15. Nxd5 Qxd5 16. Qd2 Bxh2 17. Bb3 Qe4 18. f3 Qh4+ 19. Bf2 Qf4 20. Qxf4 Bxf4 21. Ne2 Re8 22. Kd1 Be5 23. c3 Bf5 24. Bc2 Rad8+ 25. Kc1 Bxc2 26. Kxc2 Nf4 27. Nxf4 Bxf4 28. Rae1 Rd2+ 29. Kb3 Red8 30. Be3 Bxe3 31. Rxe3 R2d7 32. Rge1 Kf8 33. f4 Rd6 34. Rh3 h6 35. Reh1 Rd2 36. gxh6 gxh6 37. Rxh6 R8d5 38. Rh8+ Ke7 39. a4 Re2 40. Rb8 Rd7 41. Rh7 Kf6 42. Rf8 Kg6 43. Rhh8 Rdd2 44. Rhg8+ Kf6 0-1


[Site "https://www.chess.com"]

[Event "Titled Tuesday Blitz June 8 2021"]
[White "Ivic, Velimir"]
[Black "Petesch, Gabriel"]
[WhiteFideId "950122"]
[BlackFideId "2032465"]
[WhiteElo "2509"]
[BlackElo "2374"]
[Result "1-0"]
[Round "07"]
[TimeControl "180+1"]
[Date "2021.06.08"]
[WhiteClock "0:01:20"]
[BlackClock "0:00:02"]

1. e4 d6 2. d4 Nf6 3. Nc3 g6 4. Be3 Bg7 5. Qd2 c6 6. Bh6 Bxh6 7. Qxh6 Nbd7 8. Nf3 Qc7 9. O-O-O b6 10. Ng5 Bb7 11. f4 Rf8 12. e5 Ng4 13. Qh4 Ne3 14. Re1 Nf5 15. Qf2 dxe5 16. dxe5 h6 17. Nxf7 Rxf7 18. e6 Rf8 19. exd7+ Qxd7 20. Bc4 Qd4 21. Qxd4 Nxd4 22. Rhf1 Kd7 23. Rd1 c5 24. Ne2 Bxg2 25. Nxd4 cxd4 26. Rxd4+ Kc7 27. Re1 Rfe8 28. Bb5 Rad8 29. Rc4+ 1-0


[Site "https://www.chess.com"]

[Event "Titled Tuesday Blitz June 8 2021"]
[White "Jobava, Baadur"]
[Black "Makhnev, Denis"]
[WhiteFideId "13601520"]
[BlackFideId "13707647"]
[WhiteElo "2748"]
[BlackElo "2549"]
[Result "1-0"]
[Round "07"]
[TimeControl "180+1"]
[Date "2021.06.08"]
[WhiteClock "0:01:48"]
[BlackClock "0:00:09"]

1. e4 c6 2. c4 d5 3. cxd5 cxd5 4. exd5 Nf6 5. Qa4+ Bd7 6. Qb3 Na6 7. d4 Qb6 8. Nc3 Qxb3 9. axb3 Nb4 10. Ra5 b6 11. Rb5 Nc2+ 12. Kd1 Nxd4 13. Rb4 e5 14. Rc4 Bd6 15. Nf3 b5 16. Rxd4 exd4 17. Nxb5 Ke7 18. Nxd6 Kxd6 19. Bf4+ Kxd5 20. Bc4+ Kc5 21. Re1 Rhe8 22. Ne5 Be6 23. Nd3+ Kb6 24. Be5 Rac8 25. Bxd4+ Kc6 26. Ne5+ Kd6 27. Kd2 Rc7 28. Ra1 Bxc4 29. bxc4 Ne4+ 30. Ke3 Nc5 31. b4 Ne6 32. Ra6+ Ke7 33. Bxa7 Ra8 34. b5 Nd8 35. Bb6 Rxa6 36. bxa6 Rc8 37. a7 Nb7 38. Nc6+ Kd7 39. Nb8+ 1-0


[Site "https://www.chess.com"]

[Event "Titled Tuesday Blitz June 8 2021"]
[White "Khusnutdinov, Rustam"]
[Black "Herrera Reyes, Jose Antonio"]
[WhiteFideId "13701703"]
[BlackFideId "2274914"]
[WhiteElo "2806"]
[BlackElo "2628"]
[Result "1-0"]
[Round "07"]
[TimeControl "180+1"]
[Date "2021.06.08"]
[WhiteClock "0:00:45"]
[BlackClock "0:00:15"]

1. d4 Nf6 2. c4 c5 3. d5 b5 4. Qc2 g6 5. e4 Bg7 6. Nf3 O-O 7. cxb5 a6 8. a4 e6 9. dxe6 dxe6 10. Nc3 Bb7 11. Ra3 Qc7 12. Be2 axb5 13. Bxb5 Na6 14. O-O Nb4 15. Qb1 Rfb8 16. h3 Nc6 17. Be3 Ne5 18. Nd2 Nh5 19. Rc1 Nd7 20. Ne2 Nhf6 21. b4 Bc6 22. Bxc6 Qxc6 23. b5 Qb7 24. Qc2 Rd8 25. Rb1 Qb6 26. a5 Qb8 27. b6 Ra6 28. Nc4 Qb7 29. Nd6 Qc6 30. Nb5 Nxe4 31. Nc7 Raa8 32. Nxa8 Rxa8 33. b7 Rb8 34. a6 Nb6 35. a7 Rxb7 36. Rxb6 Rxb6 37. a8=Q+ Qxa8 38. Rxa8+ Bf8 39. Bh6 Rb8 40. Rxb8 f6 41. Rxf8# 1-0


[Site "https://www.chess.com"]

[Event "Titled Tuesday Blitz June 8 2021"]
[White "Kobo, Ori"]
[Black "Ognean, Mihnea-Ionut"]
[WhiteFideId "2812320"]
[BlackFideId "1232347"]
[WhiteElo "2431"]
[BlackElo "2012"]
[Result "1-0"]
[Round "07"]
[TimeControl "180+1"]
[Date "2021.06.08"]
[WhiteClock "0:00:04"]
[BlackClock "0:00:03"]

1. e4 c5 2. Nf3 Nc6 3. Bb5 g6 4. O-O Bg7 5. Re1 e5 6. b4 cxb4 7. a3 Nge7 8. axb4 O-O 9. Bb2 d6 10. h3 h6 11. Bc4 Nxb4 12. d4 Nbc6 13. Na3 exd4 14. Nxd4 Nxd4 15. Bxd4 Nc6 16. Bxg7 Kxg7 17. Nb5 Ne5 18. Bf1 Qb6 19. Qxd6 Qxd6 20. Nxd6 Be6 21. f4 Nc6 22. f5 gxf5 23. exf5 Bd5 24. c4 Rad8 25. cxd5 Nd4 26. Nxb7 Rd7 27. Nc5 Rc7 28. Rac1 Rfc8 29. Nd3 Nxf5 30. Rxc7 Rxc7 31. Nb4 Rb7 32. Nc6 h5 33. Ra1 Rd7 34. Ra5 Ne3 35. Nxa7 Nxd5 36. Nc6 Nf6 37. Ne5 Re7 38. Nf3 Rc7 39. Ra1 Rc5 40. Re1 Rf5 41. Kf2 Kh6 42. Bd3 Ra5 43. Re2 Kg7 44. Bc2 Rc5 45. Ne5 Rc3 46. Bf5 Rc5 47. g4 hxg4 48. hxg4 Ra5 49. Kf3 Ra3+ 50. Re3 Ra5 51. Nc4 Rc5 52. Nd6 Nd5 53. Re5 Rc3+ 54. Ke4 Nf6+ 55. Kd4 Rg3 56. Ne8+ Nxe8 57. Rxe8 Rg1 58. Re3 Rd1+ 59. Ke4 Ra1 60. Kf4 Ra4+ 61. Re4 Ra7 62. Kg5 Rc7 63. Re3 Rc5 64. Rh3 Rc7 65. Rh7+ Kg8 66. Rh6 Rc5 67. Rd6 Kg7 68. Rd7 Re5 69. Kf4 Re1 70. Rc7 Rf1+ 71. Ke5 Re1+ 72. Kd6 Rd1+ 73. Ke7 Re1+ 74. Kd8 Rd1+ 75. Ke8 Re1+ 76. Re7 Ra1 77. Rxf7+ Kh6 78. Rf6+ Kg5 79. Rg6+ Kh4 80. Rh6+ Kg5 81. Rg6+ Kf4 82. Kf7 Ra7+ 83. Kf6 Ra6+ 84. Kg7 Ra7+ 85. Kh6 Ra1 86. Re6 Rh1+ 87. Kg6 Rg1 88. Re4+ Kf3 89. Ra4 Re1 90. g5 Re5 91. Kf6 Rb5 92. g6 Rb6+ 93. Be6 Rb8 94. g7 Kf2 95. g8=Q Rb2 96. Ra2 Ke1 97. Rxb2 Kf1 98. Qg2+ Ke1 99. Qf2+ Kd1 100. Qe2+ Kc1 101. Qd2# 1-0


[Site "https://www.chess.com"]

[Event "Titled Tuesday Blitz June 8 2021"]
[White "Kollars, Dmitrij"]
[Black "Donchenko, Alexander"]
[WhiteFideId "12909572"]
[BlackFideId "24603295"]
[WhiteElo "2576"]
[BlackElo "2553"]
[Result "1-0"]
[Round "07"]
[TimeControl "180+1"]
[Date "2021.06.08"]
[WhiteClock "0:02:22"]
[BlackClock "0:02:04"]

1. e4 e5 2. Nf3 Nc6 3. d4 exd4 4. Nxd4 Nf6 5. Nxc6 bxc6 6. e5 Qe7 7. Qe2 Nd5 8. c4 Ba6 9. b3 g6 10. Ba3 Nb4 11. Bb2 Bg7 12. a3 Nd5 13. Nd2 Nf4 14. Qe3 Ne6 15. Ne4 O-O 16. O-O-O c5 17. Nf6+ Bxf6 18. exf6 Qd8 19. Qh6 Kh8 20. Rd3 Rg8 21. Qxh7+ 1-0


[Site "https://www.chess.com"]

[Event "Titled Tuesday Blitz June 8 2021"]
[White "Korobov, Anton"]
[Black "Murzin, Volodar"]
[WhiteFideId "14105730"]
[BlackFideId "44155573"]
[WhiteElo "2668"]
[BlackElo "2541"]
[Result "1/2-1/2"]
[Round "07"]
[TimeControl "180+1"]
[Date "2021.06.08"]
[WhiteClock "0:00:15"]
[BlackClock "0:00:05"]

1. d4 Nf6 2. c4 e6 3. Nc3 Bb4 4. e3 O-O 5. Bd3 d5 6. Nf3 c5 7. O-O Nc6 8. a3 Bxc3 9. bxc3 Re8 10. Bb2 Qa5 11. cxd5 exd5 12. c4 Bg4 13. cxd5 Nxd5 14. Bxh7+ Kh8 15. h3 Bh5 16. Bd3 cxd4 17. g4 dxe3 18. gxh5 Nf4 19. fxe3 Rxe3 20. Bc4 Qc5 21. Bd4 Nxd4 22. Qxd4 Qxd4 23. Nxd4 Re4 24. Rad1 Rd8 25. Bxf7 Rexd4 26. Rxd4 Rxd4 27. Kh2 Kh7 28. Kg3 Ne2+ 29. Kf3 Nc3 30. Bg6+ Kh6 31. Re1 Nb5 32. Re6 Nxa3 33. Bf7+ Kh7 34. Kg3 Nc4 35. Bg6+ Kh6 36. h4 Nd6 37. Be4+ g6 38. Rxg6+ Kxh5 39. Rg5+ Kh6 40. Rg6+ Kh5 41. Rg5+ Kh6 42. Rg6+ Kh5 1/2-1/2


[Site "https://www.chess.com"]

[Event "Titled Tuesday Blitz June 8 2021"]
[White "Kretov, Evgenij"]
[Black "Kukhmazov, Arsen"]
[WhiteFideId "4167821"]
[BlackFideId "24108260"]
[WhiteElo "2400"]
[BlackElo "2453"]
[Result "1-0"]
[Round "07"]
[TimeControl "180+1"]
[Date "2021.06.08"]
[WhiteClock "0:00:16"]
[BlackClock "0:00:02"]

1. c4 c6 2. d4 d5 3. Nc3 Nf6 4. e3 Bf5 5. cxd5 cxd5 6. Qb3 Nc6 7. Qxb7 Bd7 8. Qb3 Rb8 9. Qd1 e5 10. dxe5 Nxe5 11. Nge2 Bd6 12. Nf4 O-O 13. Be2 Bc6 14. O-O Ne4 15. Ncxd5 Qh4 16. f3 Nc5 17. b4 Na4 18. b5 Rxb5 19. Bxb5 Bxb5 20. Qe1 Qh6 21. Rf2 g5 22. Nh5 f5 23. Qa5 Bc6 24. Ng3 Nc5 25. Nc3 Ned3 26. Ba3 Nxf2 27. Bxc5 Nd3 28. Bxd6 Qxd6 29. Qxa7 Qe6 30. Qd4 Nb4 31. Qxb4 Qxe3+ 32. Kh1 Re8 33. Qc4+ 1-0


[Site "https://www.chess.com"]

[Event "Titled Tuesday Blitz June 8 2021"]
[White "Leiva, Gianmarco"]
[Black "Martin Carmona, Gaston Manuel"]
[WhiteFideId "3804399"]
[BlackFideId "22284567"]
[WhiteElo "2365"]
[BlackElo "2161"]
[Result "1-0"]
[Round "07"]
[TimeControl "180+1"]
[Date "2021.06.08"]
[WhiteClock "0:00:13"]
[BlackClock "0:00:25"]

1. Nf3 Nf6 2. d4 g6 3. c4 Bg7 4. g3 O-O 5. Bg2 d6 6. O-O Nc6 7. Nc3 a6 8. d5 Na5 9. b3 c5 10. dxc6 Nxc6 11. Bg5 Be6 12. Rc1 Qa5 13. Qd2 Rfd8 14. Rfd1 Rac8 15. Bxf6 Bxf6 16. Nd5 Bxd5 17. Qxa5 Nxa5 18. cxd5 Bb2 19. Rb1 Bf6 20. Rdc1 b5 21. Bh3 Rc3 22. Nd2 Bd4 23. Rxc3 Bxc3 24. Ne4 Bd4 25. Rc1 Bb6 26. e3 Rb8 27. Kf1 Rb7 28. Ke2 Rc7 29. Rxc7 Bxc7 30. Bc8 b4 31. Bxa6 Kg7 32. Kd3 Bb6 33. g4 h6 34. Ng3 Kf6 35. f4 e5 36. Ne4+ Ke7 37. f5 gxf5 38. gxf5 f6 39. h4 Bc7 40. h5 Bb6 41. Nf2 Kf7 42. Ng4 Kg7 43. Ke4 Ba7 44. Nf2 Kf7 45. Nd3 Bc5 46. Nxc5 dxc5 47. d6 Nc6 48. Kd5 Nb8 49. Bb5 1-0


[Site "https://www.chess.com"]

[Event "Titled Tuesday Blitz June 8 2021"]
[White "Madaminov, Mukhiddin"]
[Black "Siva Mahadevan"]
[WhiteFideId "14210703"]
[BlackFideId "25043153"]
[WhiteElo "1747"]
[BlackElo "2203"]
[Result "0-1"]
[Round "07"]
[TimeControl "180+1"]
[Date "2021.06.08"]
[WhiteClock "0:00:01"]
[BlackClock "0:00:16"]

1. e4 c5 2. Nf3 Nc6 3. Bb5 Na5 4. c3 a6 5. Ba4 b5 6. Bc2 Bb7 7. O-O e6 8. d4 cxd4 9. cxd4 Nf6 10. Re1 Rc8 11. d5 Bc5 12. Bg5 Qb6 13. Re2 Ng4 14. Bh4 Nc4 15. Bb3 O-O 16. Bxc4 bxc4 17. h3 Nf6 18. Bxf6 gxf6 19. Nc3 Kh8 20. Na4 Qd6 21. dxe6 dxe6 22. Nxc5 Qxc5 23. Rc1 Rg8 24. Qd7 Qh5 25. Rc3 Bc6 26. Qe7 Rg6 27. Nd4 Rcg8 28. g3 Qxh3 29. Nxc6 Rh6 30. f4 Rxg3+ 31. Kf2 Rhg6 32. Qd8+ Kg7 0-1


[Site "https://www.chess.com"]

[Event "Titled Tuesday Blitz June 8 2021"]
[White "Maiorov, Nikita"]
[Black "Grandelius, Nils"]
[WhiteFideId "13501720"]
[BlackFideId "1710400"]
[WhiteElo "2440"]
[BlackElo "2651"]
[Result "0-1"]
[Round "07"]
[TimeControl "180+1"]
[Date "2021.06.08"]
[WhiteClock "0:00:23"]
[BlackClock "0:00:17"]

1. d4 Nf6 2. c4 e6 3. Nf3 d5 4. Nc3 Be7 5. Bf4 O-O 6. e3 b6 7. a3 c5 8. dxc5 bxc5 9. Be2 Nc6 10. Ne5 Bb7 11. Nxc6 Bxc6 12. O-O d4 13. exd4 cxd4 14. Nb5 Bxb5 15. cxb5 Qb6 16. Rc1 Rac8 17. Qa4 Nd5 18. Bd2 Bf6 19. Bd3 g6 20. g3 h5 21. Rc4 Rxc4 22. Qxc4 h4 23. a4 Qb8 24. Rc1 Kg7 25. a5 Ne7 26. Qc7 Qa8 27. Bf1 hxg3 28. hxg3 Qf3 29. b6 axb6 30. axb6 Nd5 31. Bg2 Qe2 32. Bxd5 exd5 33. Bb4 Rh8 34. b7 Qf3 35. Bf8+ Kg8 36. Bh6 Rxh6 37. b8=Q+ Kg7 0-1


[Site "https://www.chess.com"]

[Event "Titled Tuesday Blitz June 8 2021"]
[White "Maksimovic, Bojan"]
[Black "Levine, Joseph"]
[WhiteFideId "14408120"]
[BlackFideId "30940346"]
[WhiteElo "2437"]
[BlackElo "1785"]
[Result "0-1"]
[Round "07"]
[TimeControl "180+1"]
[Date "2021.06.08"]
[WhiteClock "0:00:17"]
[BlackClock "0:00:33"]

1. e4 e6 2. d4 d5 3. Nc3 Nf6 4. Bg5 Be7 5. e5 Nfd7 6. Bxe7 Qxe7 7. Nb5 Nb6 8. c3 a6 9. Na3 Nc6 10. f4 Bd7 11. Nf3 Nd8 12. Bd3 c5 13. O-O Nc6 14. Nc2 g6 15. Ne3 cxd4 16. cxd4 Qb4 17. Nc2 Qe7 18. b3 Rc8 19. Qd2 h6 20. Kh1 O-O 21. Ne3 Kh7 22. Ng4 Qb4 23. Qe3 h5 24. Nf6+ Kg7 25. a3 Qe7 26. Nh4 Na5 27. b4 Nac4 28. Qg3 Be8 29. Nxh5+ Kh8 30. Nf6 Nd7 31. Nf3 Nxf6 32. Qh4+ Kg7 33. exf6+ Qxf6 34. Qg3 Bb5 35. Rae1 Rh8 36. Ne5 Nxa3 37. Bxb5 Nxb5 38. Ng4 Qh4 39. Qxh4 Rxh4 40. Ne5 Nxd4 41. g3 Rhh8 42. Rd1 Rc2 43. h4 Nf5 44. Rf3 Rhc8 45. Kg1 Rb2 46. Rdf1 Rcc2 47. R1f2 Rxf2 48. Rxf2 Rxb4 49. Kg2 Ne3+ 50. Kf3 Nc4 51. Rc2 Nxe5+ 52. fxe5 Rc4 53. Rb2 b5 54. Ra2 Rc6 55. Kf4 f6 56. g4 Rc4+ 57. Ke3 Ra4 58. Rxa4 bxa4 59. exf6+ Kxf6 60. Kd4 a3 61. Kc3 d4+ 62. Kb3 e5 63. Kxa3 e4 64. Kb3 e3 65. Kc2 a5 66. Kd3 a4 67. Kxd4 e2 68. Kd3 e1=Q 69. Kc2 Qxh4 70. g5+ Qxg5 71. Kc3 Qf4 72. Kb2 Qc4 73. Ka1 Qc3+ 74. Kb1 Qb3+ 75. Ka1 Qa3+ 76. Kb1 g5 77. Kc2 Qa2+ 78. Kc3 a3 79. Kd4 Qb2+ 80. Kd5 a2 81. Kc6 a1=Q 82. Kd6 Qac1 83. Kd5 Qbd2+ 84. Ke4 Qce1+ 85. Kf3 Qdf2+ 86. Kg4 Qeg1+ 87. Kh3 Qfh2# 0-1


[Site "https://www.chess.com"]

[Event "Titled Tuesday Blitz June 8 2021"]
[White "Maltsevskaya, Aleksandra"]
[Black "Quintiliano Pinto, Renato R."]
[WhiteFideId "24174041"]
[BlackFideId "2117568"]
[WhiteElo "2225"]
[BlackElo "2439"]
[Result "0-1"]
[Round "07"]
[TimeControl "180+1"]
[Date "2021.06.08"]
[WhiteClock "0:00:11"]
[BlackClock "0:00:14"]

1. e4 c5 2. Nf3 d6 3. d4 cxd4 4. Nxd4 Nf6 5. Nc3 a6 6. h4 e5 7. Nb3 Be6 8. Be2 Be7 9. O-O Nbd7 10. Be3 Rc8 11. Bf3 b5 12. Qd2 Nb6 13. Bxb6 Qxb6 14. Nd5 Nxd5 15. exd5 Bf5 16. c3 Bxh4 17. Qe2 O-O 18. Bg4 Bxg4 19. Qxg4 Rc4 20. Qe2 Bg5 21. g3 Rfc8 22. Kg2 a5 23. Qh5 h6 24. f4 exf4 25. gxf4 Bf6 26. Nd2 Ra4 27. Rfe1 b4 28. Ne4 Qd8 29. Qg4 bxc3 30. Nxf6+ Qxf6 31. Qxc8+ Kh7 32. Qxc3 Qg6+ 33. Qg3 Qc2+ 34. Qf2 Qg6+ 35. Kh2 Qh5+ 36. Kg2 Rc4 37. Re3 Qxd5+ 38. Kg1 Qc5 39. Rf1 Rc2 40. Re2 Rxe2 41. Qxc5 dxc5 42. Rf2 Rxf2 43. Kxf2 Kg6 44. Ke3 Kf5 45. Kd3 Kxf4 46. Kc4 h5 47. Kxc5 h4 48. Kb5 h3 49. Kxa5 h2 50. b4 h1=Q 51. b5 Qd5 52. a4 Qc5 53. Ka6 Qc8+ 54. Kb6 Qb8+ 55. Kc6 Qa8+ 56. Kc7 Qxa4 57. b6 Qa5 0-1


[Site "https://www.chess.com"]

[Event "Titled Tuesday Blitz June 8 2021"]
[White "Matinian, Nikita"]
[Black "Shipov, Sergei"]
[WhiteFideId "24129100"]
[BlackFideId "4113624"]
[WhiteElo "2410"]
[BlackElo "2764"]
[Result "0-1"]
[Round "07"]
[TimeControl "180+1"]
[Date "2021.06.08"]
[WhiteClock "0:00:06"]
[BlackClock "0:01:37"]

1. e4 e6 2. d4 d5 3. Nc3 Bb4 4. Ne2 dxe4 5. a3 Be7 6. Nxe4 Nf6 7. Nxf6+ Bxf6 8. Be3 c5 9. g3 Nc6 10. Bg2 Nxd4 11. Nxd4 cxd4 12. Bd2 O-O 13. O-O e5 14. Re1 Bf5 15. Bb4 Re8 16. Bxb7 Rb8 17. Bc6 Re6 18. Ba4 a5 19. Bd2 Rxb2 20. Qf3 Bxc2 21. Bc6 e4 22. Bxe4 Bxe4 23. Rxe4 Rxe4 24. Qxe4 Rxd2 25. Rc1 g6 26. Qb7 Qd6 27. Rc8+ Kg7 28. Qa8 Qe5 29. Rg8+ Kh6 0-1


[Site "https://www.chess.com"]

[Event "Titled Tuesday Blitz June 8 2021"]
[White "Maximov, Dmitry"]
[Black "Eynullayev, Atilla"]
[WhiteFideId "14105659"]
[BlackFideId "13413570"]
[WhiteElo "2494"]
[BlackElo "1997"]
[Result "1-0"]
[Round "07"]
[TimeControl "180+1"]
[Date "2021.06.08"]
[WhiteClock "0:00:55"]
[BlackClock "0:00:07"]

1. e4 c5 2. Nf3 d6 3. c3 Nf6 4. Bc4 g6 5. O-O Bg7 6. Re1 O-O 7. Bf1 Nc6 8. h3 e5 9. d4 cxd4 10. cxd4 exd4 11. Nxd4 Re8 12. Nxc6 bxc6 13. Nc3 Be6 14. Qc2 Rc8 15. Bg5 h6 16. Be3 d5 17. Rad1 Qa5 18. Bd2 d4 19. Na4 Qh5 20. Nc5 Bg4 21. Rc1 Rcd8 22. e5 Bf5 23. Qa4 Nd5 24. Qxc6 Rxe5 25. Rxe5 Bxe5 26. Nb7 Rd7 27. Nc5 Rd6 28. Qe8+ Kg7 29. Qxe5+ 1-0


[Site "https://www.chess.com"]

[Event "Titled Tuesday Blitz June 8 2021"]
[White "Mirzoev, Azer"]
[Black "Sawlin, Leonid"]
[WhiteFideId "13400304"]
[BlackFideId "4689542"]
[WhiteElo "2525"]
[BlackElo "2412"]
[Result "0-1"]
[Round "07"]
[TimeControl "180+1"]
[Date "2021.06.08"]
[WhiteClock "0:00:40"]
[BlackClock "0:01:24"]

1. d4 e6 2. c4 d6 3. Nc3 Ne7 4. e4 g6 5. f4 Bg7 6. Nf3 c5 7. d5 a6 8. a4 O-O 9. Bd3 exd5 10. cxd5 Bg4 11. h3 Bxf3 12. Qxf3 Nd7 13. O-O Rc8 14. Kh1 c4 15. Bc2 Nc5 16. a5 f5 17. Qe2 fxe4 18. Qxc4 Nf5 19. Kh2 Qh4 20. Bd2 Qg3+ 21. Kh1 Nd3 22. Qxe4 Nf2+ 23. Rxf2 Qxf2 24. Qd3 Rce8 25. Nd1 Ng3+ 26. Kh2 Nf1+ 27. Kh1 Qxd2 28. Qxf1 Qxc2 0-1


[Site "https://www.chess.com"]

[Event "Titled Tuesday Blitz June 8 2021"]
[White "Nakamura, Hikaru"]
[Black "Kamsky, Gata"]
[WhiteFideId "2016192"]
[BlackFideId "2000024"]
[WhiteElo "2900"]
[BlackElo "2644"]
[Result "1-0"]
[Round "07"]
[TimeControl "180+1"]
[Date "2021.06.08"]
[WhiteClock "0:00:19"]
[BlackClock "0:00:02"]

1. e4 c5 2. Nf3 e6 3. c3 d5 4. exd5 exd5 5. d4 c4 6. b3 cxb3 7. axb3 Bd6 8. Bd3 Ne7 9. O-O O-O 10. Qc2 h6 11. h3 Nbc6 12. b4 Be6 13. Nbd2 Rc8 14. Qb1 a6 15. Nb3 Qd7 16. Nc5 Bxc5 17. bxc5 Bf5 18. Bf4 Bxd3 19. Qxd3 f6 20. Rfb1 Na7 21. Bd6 Nb5 22. Bxe7 Qxe7 23. Re1 Qf7 24. Nh4 Rfe8 25. Nf5 h5 26. Qf3 Kh7 27. Rab1 g6 28. Nd6 Nxd6 29. cxd6 Kg7 30. Rxe8 Rxe8 31. c4 Re4 32. c5 Rxd4 33. Qb3 Rc4 34. Qxb7 Rxc5 35. d7 1-0


[Site "https://www.chess.com"]

[Event "Titled Tuesday Blitz June 8 2021"]
[White "Nesterov, Arseniy"]
[Black "Bortnyk, Olexandr"]
[WhiteFideId "24198455"]
[BlackFideId "14120828"]
[WhiteElo "2441"]
[BlackElo "2723"]
[Result "0-1"]
[Round "07"]
[TimeControl "180+1"]
[Date "2021.06.08"]
[WhiteClock "0:00:15"]
[BlackClock "0:01:37"]

1. d4 Nf6 2. c4 d6 3. Nc3 e5 4. Nf3 Nbd7 5. g3 c6 6. Bg2 e4 7. Nd2 d5 8. cxd5 cxd5 9. f3 exf3 10. Bxf3 Nb6 11. O-O Bh3 12. Re1 Be7 13. e4 dxe4 14. Ndxe4 O-O 15. Ng5 Bf5 16. Bxb7 Rb8 17. Bg2 Nc4 18. Bf4 Rxb2 19. Nf3 Bb4 20. Rc1 Ng4 21. h3 Nf2 22. Na4 Nxd1 0-1


[Site "https://www.chess.com"]

[Event "Titled Tuesday Blitz June 8 2021"]
[White "Nguyen, Anh Khoi"]
[Black "Svidler, Peter"]
[WhiteFideId "12404675"]
[BlackFideId "4102142"]
[WhiteElo "2296"]
[BlackElo "2754"]
[Result "0-1"]
[Round "07"]
[TimeControl "180+1"]
[Date "2021.06.08"]
[WhiteClock "0:00:03"]
[BlackClock "0:00:57"]

1. d4 Nf6 2. c4 g6 3. Nc3 d5 4. cxd5 Nxd5 5. e4 Nxc3 6. bxc3 Bg7 7. Be3 O-O 8. Nf3 b6 9. Be2 Bb7 10. Qc2 e6 11. Rd1 Nd7 12. O-O Qe7 13. Bg5 Qa3 14. Rfe1 c5 15. Be7 Rfe8 16. Bd6 Qa5 17. Qd3 cxd4 18. cxd4 Rac8 19. Qb5 Nf6 20. Qxa5 bxa5 21. Bd3 Bf8 22. Bxf8 Kxf8 23. Ne5 Red8 24. Bb1 Rc3 25. f3 Nd7 26. Nd3 Ba6 27. Nf4 Nb6 28. Kf2 Bc4 29. Rd2 e5 30. Ne2 Bxe2 31. Kxe2 Nc4 32. Rd3 Rxd3 33. Bxd3 Rxd4 34. Bxc4 Rxc4 35. Kd2 Ra4 36. Ra1 f5 37. exf5 gxf5 38. Kc3 Ke7 39. Kb3 Rb4+ 40. Kc3 Ke6 41. Rd1 Rh4 42. h3 Ra4 43. Rd2 h5 44. Kb3 Rb4+ 45. Kc3 h4 46. Rd8 Ra4 47. Kb3 Rd4 48. Re8+ Kf6 49. Kc2 e4 50. fxe4 Rxe4 51. Ra8 Re2+ 52. Kb1 Rxg2 53. Rxa7 f4 54. Rxa5 f3 55. Ra3 f2 56. Rf3+ Ke5 0-1


[Site "https://www.chess.com"]